 Dungeon Crawl Stone Soup version bcrawl-1.37.2 (webtiles) character file.

Game seed: 9359978706123644617

234276 Leeroy the Slasher (level 6, -5/44 HPs)
             Began as a Vampire Skald on Feb 1, 2023.
             Killed from afar by a crimson imp (7 damage)
             ... with a flame tongue
             ... on level 4 of the Dungeon.
             The game lasted 00:07:06 (2875 turns).

Leeroy the Slasher (Vampire Skald)                  Turns: 2875, Time: 00:07:07

Health: -5/44      AC:  2    Str: 14    XL:     6   Next: 99%
Magic:  9/9        EV: 12    Int: 14    God:
Gold:   225        SH:  2    Dex: 14    Spells: 3/9 levels left

rFire    + . .     GDR:     26% a - +0 long sword
rCold    . . .     SeeInvis +   (no shield)
rNeg     . . .     Gourm    .   m - +0 robe {RegenMP}
rPois    .         Faith    .   (no helmet)
rElec    .         Spirit   .   (no cloak)
rCorr    .         Reflect  .   (no gloves)
MR       .....                  (no boots)
Stlth    +.........             d - amulet of magic regeneration
HPRegen  0.44/turn              w - ring of protection from fire
MPRegen  0.36/turn              (no ring)

@: regenerating quickly
A: claws 1, fangs 3, see invisible, unbreathing
a: Bat Form


You were on level 4 of the Dungeon.
You were full.

You visited 1 branch of the dungeon, and saw 4 of its levels.

You collected 225 gold pieces.

Inventory:

Hand Weapons
 a - a +0 long sword (weapon)
 p - a +0 antimagic dagger
 r - a +0 short sword
 y - a +0 dagger of chaos
Armour
 b - a +0 leather armour
 m - a +0 robe of magic recovery (worn)
Jewellery
 d - an amulet of magic regeneration (around neck)
 w - a ring of protection from fire (left claw)
Wands
 s - a wand of flame (21)
 v - a wand of acid (11)
 x - a wand of polymorph (13)
Scrolls
 e - 2 scrolls of fear
 g - a scroll of enchant armour
 i - 3 scrolls of identify
 l - a scroll of amnesia
 n - 4 scrolls of remove curse {unknown}
 o - 3 scrolls of teleportation {unknown}
 t - 2 scrolls of immolation {unknown}
Potions
 c - a potion of flight {unknown}
 f - 2 potions of curing {unknown}
 h - a potion of ambrosia {unknown}
 j - 2 potions of lignification {unknown}
 k - a potion of degeneration {unknown}
 q - 5 potions of blood
 u - a potion of berserk rage {unknown}
 z - a potion of brilliance {unknown}


   Skills:
 - Level 1.7 Fighting
 - Level 7.2 Long Blades
 - Level 0.8 Armour
 - Level 2.1 Dodging
 - Level 2.0 Spellcasting
 + Level 6.5 Hexes
 - Level 3.2 Charms


You had 3 spell levels left.
You knew the following spells:

 Your Spells              Type           Power        Failure   Level  Hunger
a - Infusion              Chrm           ##......     6%          1    None
b - Swiftness             Chrm/Air       #.......     19%         2    ##.....
c - Spectral Weapon       Hex/Chrm       ###.....     10%         3    ####...

Your spell library contained the following spells:

 Spells                   Type           Power        Failure   Level  Hunger
 Song of Slaying          Chrm           ##......     10%         2    ##.....
 Ozocubu's Armour         Chrm/Ice       #.......     36%         3    ####...
 Regeneration             Chrm/Necr      #.........   36%         3    ####...


Dungeon Overview and Level Annotations

Branches:
Dungeon (4/12)
 Temple: D:4-7

Altars:
Cheibriados
Lugonu
Wu Jian

Annotations:
D:4 Duvessa


Innate Abilities, Weirdness & Mutations

Your natural rate of healing is unusually fast.
You have sharp fingernails.
You have razor-sharp teeth.
You have supernaturally acute eyesight. (SInv)
You can survive without breathing.


Message History

Duvessa hits you with a +0 short sword.
* * * LOW HITPOINT WARNING * * *
You barely miss Duvessa.
Duvessa is heavily wounded.
Your spectral weapon hits Duvessa.
You block Duvessa's attack. The giant cockroach closely misses you.
You block the giant cockroach's attack. Duvessa hits you with a +0 short sword.
* * * LOW HITPOINT WARNING * * *
You hit Duvessa.
Duvessa is severely wounded.
Your spectral weapon hits Duvessa!
Duvessa misses your spectral weapon. The crimson imp closely misses you.
The giant cockroach bites you.
* * * LOW HITPOINT WARNING * * *
You hit Duvessa but do no damage. You bite Duvessa, but do no damage.
Duvessa is severely wounded.
Your spectral weapon hits Duvessa.
Duvessa hits you with a +0 short sword.
* * * LOW HITPOINT WARNING * * *
The crimson imp breathes fire at you. You resist. The flame tongue hits you!
You die...

#.#####.
###.#.....
........##
...%...'
###.....# #
.#.......##.###
......5s.......
#@.......
###e####...
#..(..5....
#.#.###....
####.#.# ..
#....#.#
#.####.# #.#
#.# #.# #.#


You could see Duvessa (berserk), a crimson imp, a giant cockroach and a friendly
spectral +0 long sword.

Vanquished Creatures
  An ogre (D:2)
  Dowan (D:4)
  A howler monkey (D:3)
  An orc priest (D:3)
  A crimson imp (D:4)
  Ijyb (D:4)
  Terence (D:2)
  2 orc wizards (D:3)
  A worker ant (D:4)
  3 adders (D:3)
  A shadow imp (D:3)
  A worm (D:2)
  A dart slug (D:1)
  6 leopard geckos
  17 orcs
  A ball python (D:2)
  4 giant cockroaches
  5 goblins
  10 hobgoblins
  3 jackals
  2 quokkas (D:2)
  8 bats
  4 frilled lizards
  9 kobolds
  2 rats (D:1)
87 creatures vanquished.

Vanquished Creatures (others)
  A quokka (D:2)
  3 spectral weapons
4 creatures vanquished.

Grand Total: 91 creatures vanquished

Notes
Turn   | Place    | Note
-------+----------+-------------------------------------------
     0 | D:1      | Leeroy the Vampire Skald began the quest for the Orb.
     0 | D:1      | Reached XP level 1. HP: 16/16 MP: 3/3
    67 | D:1      | Reached skill level 3 in Long Blades
    73 | D:1      | Reached XP level 2. HP: 13/22 MP: 5/5
   344 | D:1      | Reached skill level 4 in Long Blades
   542 | D:1      | Reached XP level 3. HP: 22/27 MP: 6/6
   857 | D:2      | Learned a level 2 spell: Swiftness
   863 | D:2      | Found a corrupted altar of Lugonu.
   877 | D:2      | Learned a level 3 spell: Spectral Weapon
   949 | D:2      | Found an ornate altar of the Wu Jian Council.
  1093 | D:2      | Noticed Terence
  1102 | D:2      | Killed Terence
  1103 | D:2      | Reached skill level 5 in Long Blades
  1105 | D:2      | Found a white marble altar of Elyvilon.
  1109 | D:2      | Reached XP level 4. HP: 33/33 MP: 7/7
  1289 | D:2      | Noticed an ogre
  1316 | D:2      | Killed an ogre
  1317 | D:2      | Reached skill level 6 in Long Blades
  1317 | D:2      | Reached skill level 1 in Hexes
  1317 | D:2      | Reached XP level 5. HP: 18/38 MP: 2/8
  1608 | D:3      | Found a snail-covered altar of Cheibriados.
  1652 | D:3      | Reached skill level 7 in Long Blades
  1765 | D:3      | Reached XP level 6. HP: 21/44 MP: 5/9
  2384 | D:4      | Reached skill level 5 in Hexes
  2529 | D:4      | Noticed Dowan
  2529 | D:4      | Noticed Duvessa
  2563 | D:4      | Killed Dowan
  2798 | D:4      | Noticed Ijyb
  2810 | D:4      | Killed Ijyb
  2875 | D:4      | HP: 2/44 [Duvessa/+0 short sword (5)]
  2875 | D:4      | Killed from afar by a crimson imp

Skill      XL: |  1  2  3  4  5  6 |
---------------+-------------------+-----
Long Blades    | 3 4 5 6 7 |  7.2
Hexes          | 1 2 6 |  6.5
Fighting       | |  1.7
Armour         | |  0.8
Dodging        | |  2.1
Spellcasting   | |  2.0
Charms         | |  3.2

Action                   |  1- 3 |  4- 6 || total
-------------------------+-------+-------++-------
Melee: Long sword        |    99 |   175 ||   274
       Bite              |     8 |    19 ||    27
 Cast: Spectral Weapon   |     1 |     9 ||    10
  Use: Scroll            |     2 |       ||     2
 Stab: Sleeping          |     1 |       ||     1
       Distracted        |       |     1 ||     1
  Eat: Corpse            |    12 |    11 ||    23
Armor: Leather armour    |    16 |       ||    16
       Robe              |     4 |    25 ||    29
Dodge: Dodged            |    61 |   113 ||   174
Block: Other             |     1 |    14 ||    15
